 Dungeon Crawl Stone Soup version 0.31-a0-986-g5e6e4ef867 (webtiles) character file.

Game seed: 2791010928630526375

1930 avis the Caller (level 8, 36/36 HPs)
             Began as a Felid Summoner on Nov 19, 2023.
             Was an Initiate of Gozag.
             Got out of the dungeon alive.
             The game lasted 00:47:25 (7622 turns).

avis the Caller (Felid Summoner)                    Turns: 7622, Time: 00:47:26

Health: 36/36      AC:  2    Str:  6    XL:     8   Next: 97%
Magic:  17/17      EV: 20    Int: 17    God:    Gozag
Gold:   362        SH:  0    Dex: 16    Spells: 5/18 levels left
                                        Lives:  0   Deaths: 2

rFire   + . .        (weapon unavailable)
rCold   x . .        (shield unavailable)
rNeg    . . .        (body armour unavailable)
rPois   .            (helmet unavailable)
rElec   .            (cloak unavailable)
rCorr   .            (gloves unavailable)
SInv    +            (boots unavailable)
Will    +....        D - amulet of the acrobat
Stlth   ++           C - ring of fire
HPRegen 0.26/turn    q - ring of wizardry
MPRegen 0.15/turn

%: acrobat, wizardry (x1)
@: beast-form, quick
A: beast (slay +0), very small, claws 1, fangs 3, see invisible, speed 1, shaggy
fur 2, stealthy paws, no weapons or thrown items, no armour, multi-lived
a: Begin Untransformation, Renounce Religion, Potion Petition, Call Merchant,
Bribe Branch


You escaped.
You worshipped Gozag.
Gozag was aware of your devotion.
You were a hulking beast.
You visited 2 branches of the dungeon, and saw 7 of its levels.

You collected 432 gold pieces.
You paid 70 gold pieces to Gozag.

Inventory:

Jewellery
 m - a ring of resist corrosion
 q - a ring of wizardry (right paw)
 C - a ring of fire (left paw)
 D - an amulet of the acrobat (around neck)
 E - an amulet of reflection
Talismans
 v - a beast talisman (active)
Wands
 j - a wand of digging (6)
 x - a wand of mindburst (11)
Scrolls
 b - 4 scrolls of amnesia {unknown}
 c - 3 scrolls of enchant armour {unknown}
 d - 4 scrolls of teleportation {unknown}
 e - a scroll of blinking {unknown}
 f - 6 scrolls of identify {unknown}
 g - a scroll of summoning {unknown}
 i - 3 scrolls of enchant weapon {unknown}
 o - 4 scrolls of immolation {unknown}
 t - 3 scrolls of vulnerability {unknown}
 u - 3 scrolls of noise {unknown}
 y - 2 scrolls of fog {unknown}
Potions
 a - a potion of magic
 h - a potion of might {unknown}
 k - a potion of curing
 l - a potion of resistance {unknown}
 n - a potion of degeneration {unknown}
 p - 4 potions of heal wounds {unknown}
 r - 3 potions of berserk rage {unknown}
 s - 2 potions of attraction {unknown}
 w - 2 potions of enlightenment {unknown}
 z - a potion of mutation {unknown}
 A - a potion of ambrosia {unknown}
 B - 2 potions of brilliance {unknown}


   Skills:
 + Level 3.8 Fighting
 + Level 5.7 Dodging
 - Level 2.6 Stealth
 + Level 5.9 Spellcasting
 - Level 5.0 Hexes
 + Level 6.4 Summonings
 * Level 4.5 Air Magic


You had 5 spell levels left.
You knew the following spells:

 Your Spells              Type           Power      Damage    Failure   Level
a - Summon Small Mammal   Summ           100%       N/A       1%          1
c - Call Imp              Summ           54%        N/A       1%          2
d - Call Canine Familiar  Summ           27%        N/A       1%          3
g - Summon Guardian Gole  Hex/Summ       24%        N/A       1%          3
l - Summon Lightning Spi  Summ/Air       23%        N/A       6%          4

Your spell library contained the following spells:

 Spells                   Type           Power      Damage    Failure   Level
 Ensorcelled Hibernation  Hex/Ice        26%        N/A       2%          2
 Swiftness                Air            20%        N/A       2%          3
 Poisonous Vapours        Pois/Air       24%        N/A       3%          2
 Necrotise                Necr           20%        1d5       5%          1
 Sting                    Tmut/Pois      20%        1d4       5%          1
 Lesser Beckoning         Tloc           10%        N/A       9%          2
 Passwall                 Tmut/Erth      4%         N/A       9%          2
 Gell's Gravitas          Tloc           5%         N/A       16%         3
 Teleport Other           Tloc           5%         N/A       16%         3
 Vampiric Draining        Necr           5%         2d6       16%         3
 Olgreb's Toxic Radiance  Pois           5%         N/A       45%         4
 Agony                    Necr           5%         N/A       78%         5


Dungeon Overview and Level Annotations

Branches:
Dungeon (6/15)             Temple (1/1) D:5

Altars:
Ashenzari
Cheibriados
Dithmenos
Elyvilon
Fedhas
Gozag
Hepliaklqana
Kikubaaqudgha
Makhleb
Nemelex Xobeh
Okawaru
Qazlal
Ru
Sif Muna
Trog
Uskayaw
Vehumet
Xom
Yredelemnul
The Shining One

Shops:
D:4 :


Innate Abilities, Weirdness & Mutations

You are a hulking beast.
Your limbs bulge with bestial killing power. (Slay +0)
You have sharp claws.
You have razor-sharp teeth.
You have supernaturally acute eyesight. (SInv)
You cover ground quickly. (Speed+)
You are covered in thick fur. (AC +2)
Your paws help you pounce on unaware monsters.
You are incapable of wielding weapons or throwing items.
You cannot wear armour.
You gain extra lives every three experience levels.


Message History

The bolt of electricity hits the ogre!
Casting: Call Canine Familiar (safe; 1% risk of failure)
Confirm with . or Enter, or press ? or * to list all spells.
A guardian golem appears, shielding your allies.
The ogre hits you with a +0 giant club!!
Ouch! That really hurt!
You die...
Your shape twists and changes as you die.
The black bear closely misses you. The black bear claws you. x2
You rejoin the land of the living...
Okay, then.
Unknown command.
Okay, then.
What level of the Dungeon? (default 5, ? - help)
A black bear is nearby!
There is a stone staircase leading down here.
You can't go up here!
The black bear attacks as it pursues you!
The black bear completely misses you. The black bear barely misses you.
The black bear completely misses you.
Your hound bites the black bear.
The black bear attacks as it pursues you!
The black bear completely misses you. x2; The black bear claws you.
Your hound disappears in a puff of smoke!
There is an escape hatch in the ceiling here.
A mysterious force pulls you upwards. The hatch slams shut behind you.
What level of the Dungeon? (default 1, ? - help)
There is a stone staircase leading up here.
You climb upwards.
There is a stone staircase leading down here.
There is a stone staircase leading up here.
You climb upwards.
There is a stone staircase leading down here.
There is a stone staircase leading up here.
You climb upwards.
There is a stone staircase leading down here.
You see here a +0 dagger.
There is an open door here.
There is a dry fountain here.
There is a staircase leading out of the dungeon here.
You have escaped!

###......................### #
##...##.####.####.####.##...###
#..###...##...##...##...###..##
#.## #.⌠.##.⌠.##.⌠.##.⌠.# ##.##
#.####...##(..##...##...####.#
#...###.####.####.####.###...##
#.⌠.###.####.####.####.###.⌠.##
#............................##
##.##.........h..........##.###
#............................##
#.⌠.###.####.####.####.###.⌠.#
#...###.####.####.####.###...#
#.####...##...##...##...####.#
#.## #.⌠.##.⌠.##.⌠.##.⌠)# ##.#
#..###...##...##...##...###..#
##....#.####.####.####.##...##
###......................###


There were no monsters in sight!

Vanquished Creatures
  A hound (D:5)
  An adder (D:3)
  An endoplasm (D:1)
  2 quokkas
  A bat (D:2)
  2 goblins
  A kobold (D:1)
  A rat (D:1)
10 creatures vanquished.

Vanquished Creatures (collateral kills)
  A shadow (D:6)
  A black bear (D:5)
  2 ice beasts (D:5)
  A centaur (D:6)
  2 ogres
  A phantom (D:5)
  2 scorpions (D:4)
  A howler monkey (D:6)
  A jelly (D:4)
  3 hounds
  4 iguanas
  5 orc wizards
  6 gnolls
  10 adders
  A white imp (D:6)
  3 worms
  3 orcs
  3 endoplasms
  A giant cockroach (D:4)
  8 goblins
  3 hobgoblins
  3 kobolds
  2 quokkas
  4 ball pythons
  A frilled lizard (D:3)
  2 rats
74 creatures vanquished.

Vanquished Creatures (others)
  Eustachio (D:5)
  A water moccasin (D:5)
  A phantom (D:5)
  A gnoll sergeant (D:4)
  A gnoll bouda (D:6)
  3 gnolls
  An orc (D:5)
9 creatures vanquished.

Grand Total: 93 creatures vanquished

Notes
Turn   | Place    | Note
-------+----------+-------------------------------------------
     0 | D:1      | avis the Felid Summoner began the quest for the Orb.
     0 | D:1      | Reached XP level 1. HP: 7/7 MP: 4/4
   721 | D:2      | Reached XP level 2. HP: 11/11 MP: 1/6
  1339 | D:2      | Learned a level 2 spell: Call Imp
  1777 | D:2      | Reached XP level 3. HP: 14/14 MP: 4/8
  2303 | D:3      | Learned a level 3 spell: Call Canine Familiar
  2717 | D:3      | Reached XP level 4. HP: 18/18 MP: 3/10
  3001 | D:4      | Noticed a scorpion
  3010 | D:4      | Killed a scorpion
  3014 | D:4      | Found Gomuuqu's Book Shoppe.
  3105 | D:4      | Noticed an ogre
  3112 | D:4      | Killed an ogre
  3113 | D:4      | Reached skill level 5 in Summonings
  3113 | D:4      | Reached XP level 5. HP: 21/21 MP: 6/12
  3189 | D:4      | Learned a level 3 spell: Summon Guardian Golem
  3194 | D:4      | Learned a level 4 spell: Summon Lightning Spire
  3297 | D:4      | Reached skill level 1 in Hexes
  3306 | D:4      | Gained mutation: You are covered in thick fur. (AC +2)
                  | [Felid growth]
  3306 | D:4      | Reached XP level 6. HP: 25/25 MP: 9/14
  3847 | D:4      | Reached skill level 1 in Fighting
  4180 | D:4      | Reached skill level 1 in Air Magic
  4754 | D:5      | Entered Level 5 of the Dungeon
  4849 | D:5      | Noticed a water moccasin
  4864 | D:5      | Killed a water moccasin
  4865 | D:5      | Reached skill level 5 in Spellcasting
  4865 | D:5      | Reached XP level 7. HP: 29/29 MP: 3/15
  5271 | D:5      | Noticed Eustachio
  5604 | D:5      | Found a white marble altar of Elyvilon.
  5734 | D:5      | Reached XP level 8. HP: 29/34 MP: 8/17
  5902 | D:5      | Found a staircase to the Ecumenical Temple.
  5909 | Temple   | Entered the Ecumenical Temple
  5919 | Temple   | Became a worshipper of Gozag Ym Sagoz the Greedy
  5960 | D:5      | Killed Eustachio
  5961 | D:5      | Reached skill level 6 in Summonings
  6187 | D:4      | HP: 1/34 [gnoll/+0 flail[a gnoll sergeant] (7)]
  6189 | D:4      | Slain by a gnoll
  6751 | D:5      | Reached skill level 5 in Dodging
  7016 | D:6      | Reached skill level 5 in Hexes
  7417 | D:5      | Slain by an ogre
  7622 | D:$      | Got out of the dungeon alive.

Illustrated notes

Levels and vault maps discovered:
D:1:      dpeg_arrival_chambers_temple_mockup, layout_basic, serial_rivers,
          chequers_serial_rivers_micro_a, chequers_serial_rivers_room_a,
          chequers_serial_rivers_micro_c, chequers_serial_rivers_small_b,
          chequers_serial_rivers_micro_e
D:2:      layout_basic
D:3:      layout_basic
D:4:      kennysheep_six_static_rooms, layout_basic, serial_shops, shop
D:5:      layout_cave_pools, mainiacjoe_overflow_small_starburst,
          minmay_temple_entry_metal_lava, kennysheep_diamond,
          eino_small_chamber_without_monster, serial_bayou_pond_d,
          uniq_eustachio
D:6:      lemuel_insect_pit, layout_cave_pools, nicolae_ossuary_entry_monument
Temple:   compressed_dpeg_triangle_lava_temple

Skill      XL: |  1  2  3  4  5  6  7  8 |
---------------+-------------------------+-----
Spellcasting   | 3 4 5 |  5.9
Summonings     | 5 6 |  6.4
Hexes          | 1 3 4 5 |  5.0
Dodging        | 3 4 5 |  5.7
Fighting       | 1 2 3 |  3.8
Air Magic      | 1 2 4 |  4.5
Stealth        | |  2.6

Action                     |  1- 3 |  4- 6 |  7- 9 || total
---------------------------+-------+-------+-------++-------
  Melee: Unarmed           |    19 |       |    13 ||    32
         Bite              |     3 |       |     3 ||     6
   Cast: Summon Small Mamm |    39 |       |    12 ||    51
         Call Imp          |     9 |    22 |    21 ||    52
         Call Canine Famil |     3 |    28 |    32 ||    63
         Summon Guardian G |       |     3 |    18 ||    21
         Summon Lightning  |       |       |     4 ||     4
    Use: Potion            |       |       |     1 ||     1
   Stab: Sleeping          |     5 |       |       ||     5
 Armour: Skin              |     8 |     3 |    61 ||    72
  Dodge: Dodged            |    21 |     5 |   162 ||   188
   Form: Beast             |       |     1 |       ||     1

Table legend: (Time is in decaauts)
 A = Elapsed time spent in this place.
 B = Non-inter-level travel time spent in this place.
 C = Inter-level travel time spent in this place.
 D = Time resting spent in this place.
 E = Time spent auto-exploring this place.
 F = Levels seen in this place.
 G = Mean time per level.
                   A        B        C        D        E       F      G
               +--------+--------+--------+--------+--------+-----+--------+
         Total |   6712 |   6052 |    660 |   1423 |   2799 |   7 |  958.9 |
       Dungeon |   6695 |   6049 |    646 |   1423 |   2799 |   6 | 1115.8 |
        Temple |     17 |      3 |     14 |      0 |      0 |   1 |   17.0 |
               +--------+--------+--------+--------+--------+-----+--------+

Top non-repeatable levels by time:
     D:4: 2234 daAuts
     D:5: 1576 daAuts
     D:2: 1148 daAuts
     D:3: 834 daAuts
     D:1: 672 daAuts
     D:6: 229 daAuts
  Temple: 17 daAuts
